 Dungeon Sprint DCSS version 0.20-a0-876-g2c7b0bf (webtiles) character file.

35461 esc the Brawler (level 13, -15/144 HPs)
             Began as a Troll Berserker on Mar 15, 2017.
             Was the Champion of Trog.
             Demolished by Cuodij the pandemonium lord (26 damage)
             ... while paralysed
             ... in the Dungeon (Sprint II: "The Violet Keep of Menkaure").
             The game lasted 00:28:02 (3106 turns).

esc the Brawler (Troll Berserker)                   Turns: 3106, Time: 00:28:02

Health: -15/144    AC: 17    Str: 28      XL:     13   Next: 47%
Magic:  12/12      EV:  1    Int:  0 (3)  God:    Trog [******]
Gold:   1637       SH:  0    Dex: 13      Spells: 12/12 levels left

rFire    + . .     SeeInvis .     - Unarmed
rCold    + . .     Gourm    +   a - +0 animal skin
rNeg     . . .     Faith    .   m - +1 large shield
rPois    +         Spirit   .   i - +2 hat
rElec    +         Reflect  +   j - +2 cloak {MR+}
rCorr    +         Harm     .   (gloves unavailable)
MR       +....     NoTele   +   (boots unavailable)
Stlth    +.........             n - +2 amulet of reflection
Regen    0.8/turn               l - +2 ring of protection
MPRegen  0.2/turn               k - +3 ring of protection

@: paralysed, resistant, flying, very slightly contaminated, hasted and slowed,
lost intelligence
A: unfitting armour, claws 3, talons 1, yellow scales 1, fast metabolism 3,
gourmand, regeneration 1, shaggy fur 1, tough skin 2
0: Orb of Zot
a: Berserk, Trog's Hand, Brothers in Arms, Burn Spellbooks, Renounce Religion


You were in the Dungeon.
You worshipped Trog.
Trog was exalted by your worship.
You were very full.

You visited 1 branch You collected 3148 gold pieces.
You spent 1511 gold pieces at shops.

Inventory:

Hand Weapons
 d - the +4 longbow of Nightmares {speed, rPois rC+ Str+3 Dex-3, unknown}
   (Trog gifted it to you in the Dungeon)

   Attacks with this weapon are significantly faster.
   It affects your strength (+3).
   It affects your dexterity (-3).
   It protects you from cold.
   It protects you from poison.
 x - a +0 blowgun
   (You took it off Sonja in the Dungeon)
Missiles
 p - 13 large rocks (quivered) {!d}
 s - 6 curare-tipped needles
 w - 2 throwing nets {=f, !d}
Armour
 a - a +0 animal skin (worn)
 i - a +2 hat (worn)
   (You bought it in a shop in the Dungeon)
 j - a +2 cloak of magic resistance (worn)
   (You bought it in a shop in the Dungeon)
 m - a +1 large shield (worn)
   (You bought it in a shop in the Dungeon)
 q - a +2 cloak of invisibility
   (You took it off a draconian shifter in the Dungeon)
Jewellery
 k - a +3 ring of protection (left claw)
   (You bought it in a shop in the Dungeon)
 l - a +2 ring of protection (right claw)
   (You bought it in a shop in the Dungeon)
 n - a +2 amulet of reflection (around neck)
   (You bought it in a shop in the Dungeon)
 r - an uncursed ring of fire {rF+, rC-}
   (You found it in the Dungeon)
Scrolls
 h - 2 scrolls of blinking {!r}
 y - 2 scrolls of remove curse
Potions
 c - a potion of curing
 f - 5 potions of magic
 g - a potion of berserk rage {!q}
 o - 2 potions of might
 t - 4 potions of lignification {!q}
 u - 2 potions of resistance
 z - a potion of cancellation
 A - 3 potions of flight
Comestibles
 b - a bread ration {@e1}
 B - 2 meat rations {@e2}


   Skills:
 + Level 13.3 Fighting
 + Level 10.1 Throwing
 + Level 13.3 Dodging
 + Level 15.0 Shields
 + Level 19.8 Unarmed Combat


You had 12 spell levels left.
You didn't know any spells.

Dungeon Overview and Level Annotations

Branches:
Dungeon (1/1)

Altars:
Cheibriados
Dithmenos
Elyvilon
Fedhas
Gozag
Hepliaklqana
Kikubaaqudgha
Makhleb
Nemelex Xobeh
Okawaru
Qazlal
Ru
Sif Muna
Trog
Uskayaw
Vehumet
Wu Jian
Xom
Yredelemnul
Zin
The Shining One
Beogh
Jiyva
Lugonu

Shops:
D (?::[([?}(%([%!}!==([=[(}%![

Annotations:
D exclusions: oklob plant and orange crystal statue


Innate Abilities, Weirdness & Mutations

You are too large for most types of armour.
You have claws for hands.
Your metabolism is lightning-fast.
You like to eat raw meat.
Your natural rate of healing is unusually fast.
You are covered in fur. (AC +1)
You have very tough skin. (AC +2)
You have sharp toenails.
You are partially covered in yellow scales. (AC +2)


Message History

Your stone giant hits the soul eater!!
The soul eater dies!
(D) Dungeon
Where to? (Enter - D @ (x,y), ? - help)
You swap places.
Cuodij comes into view.
Cuodij says, "Repent, thou foppish ditch-delivered nightsoil!"
Your stone giant disappears in a puff of smoke!
Cuodij bursts into living lightning!
The living lightning misses you. x2; Cuodij blinks! x3; Cuodij hits you!!
Space bends around you.
You take 27 damage, and have 117/144 hp.
Unknown command.
Here: Cuodij A rapier.
There is something else lying underneath.
An open door, spattered with blood.
Okay, then.
Really read
h - 3 scrolls of blinking {!r}?
Your blink will be uncontrolled - continue anyway?
The Orb prevents control of your translocation!
You blink.
As you read the scroll of blinking {!r}, it crumbles to dust.
Cuodij calls on the powers of darkness!
Your body is wracked with pain!
You take 57 damage, and have 60/144 hp.
MASSIVE DAMAGE!!
You feel yourself speed up. Cuodij hits you! Space bends around you.
You are very lightly contaminated with residual magic.
You take 15 damage, and have 45/144 hp.
Cuodij gestures.
Cuodij bursts into living lightning!
The living lightning hits you!
* * * LOW HITPOINT WARNING * * *
Cuodij blinks!
You take 15 damage, and have 30/144 hp.
Unknown command.
Here: Cuodij An uncursed short sword of venom.
The floor, spattered with blood.
Okay, then.
Okay, then.
You feel protected. Cuodij gestures at you. The poison arrow hits you!
You are poisoned.
You partially resist.
* * * LOW HITPOINT WARNING * * *
You take 26 damage, and have 5/144 hp.
Unknown command.
Unknown command.
Unknown command.
Okay, then.
You feel sick.
You see here a long sword.
You feel sick. You block Cuodij's attack.
You take 1 damage, and have 4/144 hp.
You feel sick.
Cuodij bursts into living lightning!
The living lightning misses you.
Cuodij blinks!
There is an open door here.
You take 1 damage, and have 4/144 hp.
You feel very buoyant.
You fly up into the air.
Cuodij bursts into living lightning!
The living lightning hits you! You resist.
* * * LOW HITPOINT WARNING * * *
Cuodij blinks!
You take 2 damage, and have 2/144 hp.
Here: Cuodij The floor.
Okay, then.
Search for what [Enter for "body armour", or ? for help]? heal wounds You feel better.
You regained 11 hp, and now have 13/144 hp.
The lich shouts!
Okay, then.
Okay, then.
Unknown command.
Unknown command.
Okay, then.
A hellwing comes into view.
The hellion gives a hideous shriek!
The hellwing gives a chilling moan.
Unknown command.
Cuodij calls on the powers of darkness!
Your body is wracked with pain!
* * * LOW HITPOINT WARNING * * *
You take 5 damage, and have 9/144 hp.
Unknown command.
Unknown command.
Unknown command.
The lich gestures at you while chanting.
You feel yourself slow down.
Okay, then.
A rust devil comes into view.
The neqoxec gestures at you.
You feel dopey.
You have lost your intelligence.
Something feeds on your intellect! Cuodij hits you!!
You die...

# +.##.#)|▓..(...[.▓▓...▓.▓.'≈.)
# *...####▓(..(....▓▓...▓.▓.'≈..
## #..##.#▓...(.)..▓▓.4.▓.▓.§≈..
.# +..#..#▓(..[(§).▓▓)..▓.▓.§≈).
.# #..#..#▓[)...(§(▓▓§4.▓.▓|▓≈..
.####.^##.#▓...(.42.▓▓.).▓§▓.▓≈..
...###...##▓▓▓▓▓▓▓'▓▓▓▓4▓▓§▓▓▓≈..
.....≈≈≈≈≈≈≈≈≈≈≈≈&L.3≈≈≈▓§§(§§§[(
§§...≈#'########@###.≈≈≈▓§§...§.#
≈§≈..≈#_._.....#≈≈≈##≈≈≈▓§§)§.§##
≈≈§≈§≈#._._....#≈§§§####▓▓▓▓▓§##
§≈≈≈≈≈#_._._...#§§§§≈## * ▓§#
§§≈≈≈≈#._._._..#§§§§≈§#, ▓≈#
§≈≈≈§≈#_._._._.#§§4§§≈+ ▓≈#
≈###§§#._._._._#§§§§≈≈# * ▓≈#
#≈§#.._._._.#§§≈§§≈▓ ▓≈#
≈#+#≈≈#._._._..#§§§≈▓▓▓▓▓▓▓▓▓≈#


You could see Cuodij, a lich, a hellwing, a rust devil, a hellion and a neqoxec.

Vanquished Creatures
  A hellephant (D)
  An Orb Guardian (D)
  2 quicksilver dragons (D)
  A deep elf blademaster (D)
  A kraken (D)
  Murray (D)
  Kirke (D)
  A draconian shifter (D)
  3 lorocyprocas (D)
  A yaktaur captain (D)
  A centaur warrior (D)
  2 hell hogs (D)
  Sonja (D)
  A skeletal warrior (D)
  A glowing orange brain (D)
  A harpy (D)
  12 shining eyes (D)
  An elephant (D)
  An eye of devastation (D)
  A yaktaur (D)
  A kobold demonologist (D)
  A hornet (D)
  4 polar bears (D)
  6 flying skulls (D)
  2 hippogriffs (D)
  2 redbacks (D)
  3 yaks (D)
  4 neqoxecs (D)
  Menkaure (D)
  10 floating eyes (D)
  3 black bears (D)
  5 necrophages (D)
  3 crocodiles (D)
  An iron imp (D)
  4 worker ants (D)
  A hell rat (D)
  A ballistomycete (D)
  A ballistomycete spore (D)
  12 tentacles (D)
100 creatures vanquished.

Vanquished Creatures (collateral kills)
  An Orb Guardian (D)
  A quicksilver dragon (D)
  A soul eater (D)
  A polar bear (D)
4 creatures vanquished.

Vanquished Creatures (others)
  A crocodile (D)
  A ballistomycete spore (D)
  42 tentacles (D)
44 creatures vanquished.

Grand Total: 148 creatures vanquished

Notes
Turn   | Place    | Note
-------+----------+-------------------------------------------
     0 | D        | esc the Troll Berserker began the quest for the Orb.
     0 | D        | Reached XP level 1. HP: 22/22 MP: 0/0
     1 | D        | Noticed a hippogriff
     1 | D        | Noticed a hippogriff
     6 | D        | Killed a hippogriff
     6 | D        | Reached skill level 5 in Fighting
     6 | D        | Reached skill level 5 in Dodging
     6 | D        | Reached skill level 6 in Unarmed Combat
     6 | D        | Reached XP level 2. HP: 35/35 MP: 1/1
     6 | D        | Reached XP level 3. HP: 42/42 MP: 2/2
     6 | D        | Reached XP level 4. HP: 50/50 MP: 3/3
     6 | D        | Reached XP level 5. HP: 57/57 MP: 4/4
    12 | D        | Killed a hippogriff
    12 | D        | Reached skill level 6 in Fighting
    12 | D        | Reached skill level 6 in Dodging
    12 | D        | Reached skill level 8 in Unarmed Combat
    12 | D        | Reached XP level 6. HP: 59/68 MP: 5/5
    62 | D        | Reached ** piety under Trog
    62 | D        | Reached skill level 7 in Fighting
    62 | D        | Reached skill level 7 in Dodging
    64 | D        | Reached skill level 9 in Unarmed Combat
    68 | D        | Reached skill level 8 in Dodging
    68 | D        | Reached XP level 7. HP: 79/79 MP: 6/6
    72 | D        | Reached *** piety under Trog
    72 | D        | Reached skill level 8 in Fighting
    89 | D        | Reached skill level 10 in Unarmed Combat
   127 | D        | Reached **** piety under Trog
   239 | D        | Noticed a neqoxec
   242 | D        | Killed a neqoxec
   244 | D        | Noticed a neqoxec
   247 | D        | Killed a neqoxec
   247 | D        | Reached skill level 9 in Fighting
   247 | D        | Reached skill level 9 in Dodging
   247 | D        | Reached XP level 8. HP: 92/92 MP: 7/7
   256 | D        | Reached skill level 11 in Unarmed Combat
   312 | D        | Found Ubysony's Antique Armour Shop.
   312 | D        | Found Icevaroa's Jewellery Shop.
   312 | D        | Found Amunuleufu's Jewellery Boutique.
   312 | D        | Found Najinn's Antique Armour Boutique.
   312 | D        | Found Akicioh's Distillery.
   312 | D        | Found Ammeth's Distillery.
   312 | D        | Found Ixtaq's Jewellery Shop.
   312 | D        | Found Woxuig's Gadget Boutique.
   313 | D        | Found Emnusan's Antique Weapon Boutique.
   313 | D        | Found Jenizaz's Food Shop.
   313 | D        | Noticed a manticore
   314 | D        | Found Opevy's Weapon Shop.
   314 | D        | Found Umaogrit's Armour Boutique.
   314 | D        | Noticed a manticore
   315 | D        | Found Pejiladdut's Magic Scroll Boutique.
   315 | D        | Found Momap's Armour Shop.
   315 | D        | Noticed Menkaure
   315 | D        | Noticed a manticore
   315 | D        | Noticed an oklob plant
   316 | D        | Found Rufuol's Book Boutique.
   316 | D        | Found Kiguruydgh's Book Shoppe.
   330 | D        | Killed Menkaure
   330 | D        | Reached ***** piety under Trog
   342 | D        | Bought a +2 hat for 160 gold pieces
   348 | D        | Noticed a slime creature
   350 | D        | Bought an embroidered cloak for 165 gold pieces
   355 | D        | Noticed a slime creature
   356 | D        | Bought a +3 ring of protection for 252 gold pieces
   361 | D        | Bought a +2 ring of protection for 100 gold pieces
   364 | D        | Bought a large shield for 135 gold pieces
   416 | D        | Noticed an orange crystal statue
   428 | D        | Noticed a flying skull
   428 | D        | Noticed a flying skull
   429 | D        | Noticed a flying skull
   429 | D        | Noticed a flying skull
   429 | D        | Noticed a flying skull
   429 | D        | Noticed a flying skull
   429 | D        | Noticed a flying skull
   442 | D        | Found an iron altar of Okawaru.
   442 | D        | Found a radiant altar of Vehumet.
   443 | D        | Found a sparkling altar of Nemelex Xobeh.
   443 | D        | Found a hide-covered altar of Uskayaw.
   443 | D        | Found a glowing silver altar of Zin.
   444 | D        | Found an opulent altar of Gozag.
   444 | D        | Found a burning altar of Makhleb.
   444 | D        | Found a bloodstained altar of Trog.
   445 | D        | Found a blossoming altar of Fedhas.
   445 | D        | Found a corrupted altar of Lugonu.
   445 | D        | Found a basalt altar of Yredelemnul.
   445 | D        | Found a deep blue altar of Sif Muna.
   446 | D        | Found a white marble altar of Elyvilon.
   446 | D        | Found an ancient bone altar of Kikubaaqudgha.
   447 | D        | Found a shadowy altar of Dithmenos.
   447 | D        | Found a viscous altar of Jiyva.
   448 | D        | Found a snail-covered altar of Cheibriados.
   450 | D        | Found a roughly hewn altar of Beogh.
   450 | D        | Found a shimmering altar of Xom.
   450 | D        | Found a sacrificial altar of Ru.
   450 | D        | Found a hazy altar of Hepliaklqana.
   450 | D        | Noticed a hornet
   450 | D        | Noticed a polar bear
   451 | D        | Noticed a polar bear
   451 | D        | Found a glowing golden altar of the Shining One.
   451 | D        | Found an ornate altar of the Wu Jian Council.
   451 | D        | Found a stormy altar of Qazlal.
   451 | D        | Noticed a yaktaur
   452 | D        | Noticed a polar bear
   459 | D        | Killed a polar bear
   459 | D        | Reached skill level 2 in Shields
   461 | D        | Killed a hornet
   461 | D        | Reached skill level 3 in Shields
   461 | D        | Reached skill level 12 in Unarmed Combat
   463 | D        | Killed a polar bear
   463 | D        | Reached skill level 4 in Shields
   463 | D        | Reached XP level 9. HP: 100/100 MP: 8/8
   468 | D        | Killed a polar bear
   470 | D        | Killed a yaktaur
   470 | D        | Reached skill level 5 in Shields
   521 | D        | Noticed a kraken
   565 | D        | Reached skill level 13 in Unarmed Combat
   569 | D        | Reached skill level 6 in Shields
   656 | D        | Noticed an ice statue
   835 | D        | HP: 35/150 [tentacle[a kraken] (7)]
   841 | D        | HP: 6/100 [tentacle[a kraken] (20)]
  1034 | D        | Bought a scroll of remove curse for 42 gold pieces
  1040 | D        | Bought a +2 amulet of reflection for 75 gold pieces
  1045 | D        | Bought a potion of curing for 36 gold pieces
  1045 | D        | Bought a potion of heal wounds for 60 gold pieces
  1045 | D        | Bought a potion of might for 48 gold pieces
  1045 | D        | Bought a potion of might for 48 gold pieces
  1064 | D        | Noticed Kirke
  1064 | D        | Noticed a yaktaur captain
  1064 | D        | Noticed a skeletal warrior
  1065 | D        | Noticed a kobold demonologist
  1091 | D        | Killed a skeletal warrior
  1091 | D        | Reached skill level 7 in Shields
  1094 | D        | Killed a yaktaur captain
  1094 | D        | Reached skill level 8 in Shields
  1094 | D        | Reached skill level 14 in Unarmed Combat
  1094 | D        | Reached XP level 10. HP: 107/107 MP: 9/9
  1112 | D        | Reached ****** piety under Trog
  1122 | D        | Noticed a rust devil
  1131 | D        | Reached skill level 9 in Shields
  1155 | D        | Noticed a centaur warrior
  1168 | D        | Killed a centaur warrior
  1168 | D        | Reached skill level 15 in Unarmed Combat
  1172 | D        | Noticed an elephant
  1191 | D        | Killed Kirke
  1191 | D        | Received a gift from Trog
  1191 | D        | Reached skill level 10 in Shields
  1191 | D        | Reached skill level 16 in Unarmed Combat
  1211 | D        | Killed an elephant
  1211 | D        | Reached skill level 11 in Shields
  1278 | D        | Noticed a hell hog
  1281 | D        | Received a gift from Trog
  1282 | D        | Noticed a hell hog
  1288 | D        | Killed a hell hog
  1288 | D        | Reached XP level 11. HP: 115/115 MP: 10/10
  1293 | D        | Killed a hell hog
  1293 | D        | Reached skill level 12 in Shields
  1293 | D        | Reached skill level 17 in Unarmed Combat
  1357 | D        | Found Askoydgh's Weapon Emporium.
  1357 | D        | Found Pauzidy's Magic Scroll Shop.
  1358 | D        | Found Paaxtaeh's Antique Armour Shop.
  1358 | D        | Found Ovisithra's Gadget Shoppe.
  1358 | D        | Found Usozotsa's Food Boutique.
  1358 | D        | Found Muotashreu's Antique Weapon Emporium.
  1358 | D        | Found Xamorupa's Gadget Shop.
  1358 | D        | Found Unisk's Antique Weapon Shoppe.
  1358 | D        | Found Arilaki's Antique Weapon Boutique.
  1358 | D        | Found Oxuxkiab's Distillery.
  1358 | D        | Found Gazoas's Antique Armour Shop.
  1358 | D        | Found Igekk's Food Shoppe.
  1372 | D        | Bought a phantom mirror for 390 gold pieces
  1690 | D        | Killed a kraken
  1690 | D        | Received a gift from Trog
  1690 | D        | Reached skill level 10 in Fighting
  1690 | D        | Reached skill level 10 in Dodging
  1747 | D        | Noticed a glowing orange brain
  1747 | D        | Noticed a black draconian shifter
  1747 | D        | Noticed Sonja
  1748 | D        | Noticed a hellephant
  1751 | D        | Killed Sonja
  1751 | D        | Reached skill level 1 in Throwing
  1765 | D        | Killed a glowing orange brain
  1765 | D        | Reached skill level 2 in Throwing
  1774 | D        | Killed a black draconian shifter
  1774 | D        | HP: 8/119 [hellephant/blast of flame (65)]
  1780 | D        | HP: 8/119 [hellephant/blast of flame (28)]
  1784 | D        | Killed a hellephant
  1784 | D        | Reached skill level 4 in Throwing
  1784 | D        | Reached skill level 13 in Shields
  1784 | D        | Reached skill level 18 in Unarmed Combat
  1787 | D        | HP: 10/119 [poisoned by Sonja]
  1952 | D        | Received a gift from Trog
  1975 | D        | Noticed a harpy
  1982 | D        | Killed a harpy
  1982 | D        | Reached skill level 11 in Fighting
  1982 | D        | Reached skill level 11 in Dodging
  1982 | D        | Reached XP level 12. HP: 126/130 MP: 11/11
  1983 | D        | Noticed a deep elf blademaster
  2001 | D        | Killed a deep elf blademaster
  2001 | D        | Reached skill level 5 in Throwing
  2068 | D        | Received a gift from Trog
  2195 | D        | Gained mutation: You occasionally shout uncontrollably at your foes. [a shining eye]
  2196 | D        | Gained mutation: Your magical capacity is low. (-10% MP) [a shining eye]
  2197 | D        | Reached skill level 6 in Throwing
  2197 | D        | Paralysed by a floating eye for 3 turns
  2202 | D        | Gained mutation: You expend magic power (3 MP) to strengthen your wands. [a shining eye]
  2203 | D        | Received a gift from Trog
  2203 | D        | Paralysed by a floating eye for 3 turns
  2204 | D        | Gained mutation: You are clumsy. (Dex -2) [a shining eye]
  2204 | D        | Gained mutation: You are dopey. (Int -2) [a shining eye]
  2205 | D        | Gained mutation: You are partially covered in thin metallic scales. (AC +2) [a shining eye]
  2205 | D        | Gained mutation: You are frail. (-10% HP) [a shining eye]
  2205 | D        | Gained mutation: You tend to lose your temper in combat. [a shining eye]
  2206 | D        | Gained mutation: Your body sometimes deteriorates upon taking damage. [a shining eye]
  2207 | D        | Gained mutation: Scrolls take you a little longer to read. [a shining eye]
  2209 | D        | Paralysed by a floating eye for 4 turns
  2213 | D        | Gained mutation: You are very clumsy. (Dex -4) [a shining eye]
  2216 | D        | Lost intelligence.
  2216 | D        | Gained mutation: You are very dopey. (Int -4) [a shining eye]
  2216 | D        | Gained mutation: You are very frail. (-20% HP) [a shining eye]
  2218 | D        | Lost mutation: You expend magic power (3 MP) to strengthen your wands. [a shining eye]
  2219 | D        | Gained mutation: You are extremely frail. (-30% HP) [a shining eye]
  2220 | D        | Gained mutation: You expend magic power (3 MP) to strengthen your wands. [a shining eye]
  2220 | D        | Gained mutation: You are weak. (Str -2) [a shining eye]
  2220 | D        | Gained mutation: You often lose your temper in combat. [a shining eye]
  2223 | D        | Received a gift from Trog
  2223 | D        | Gained mutation: You have an uncontrollable temper. [a shining eye]
  2223 | D        | Gained mutation: Scrolls take you longer to read. [a shining eye]
  2224 | D        | Gained mutation: Scrolls take you much longer to read. [a shining eye]
  2224 | D        | Gained mutation: You are very weak. (Str -4) [a shining eye]
  2224 | D        | Gained mutation: Your body often deteriorates upon taking damage. [a shining eye]
  2225 | D        | Gained mutation: Potions are less effective at restoring your health. [a shining eye]
  2228 | D        | Gained mutation: Armour fits poorly on your strangely shaped body. [a shining eye]
  2233 | D        | Reached skill level 7 in Throwing
  2233 | D        | Gained mutation: Your spells are a little easier to cast, but a little less powerful. [a shining eye]
  2233 | D        | Gained mutation: Your magical capacity is very low. (-20% MP) [a shining eye]
  2239 | D        | Paralysed by a floating eye for 2 turns
  2240 | D        | Gained mutation: Your magical capacity is extremely low. (-30% MP) [a shining eye]
  2240 | D        | Gained mutation: Your spells are easier to cast, but less powerful. [a shining eye]
  2241 | D        | Gained mutation: Potions are poor at restoring your health. [a shining eye]
  2243 | D        | Received a gift from Trog
  2243 | D        | Paralysed by a floating eye for 2 turns
  2246 | D        | Reached skill level 12 in Dodging
  2246 | D        | Gained mutation: Your spells are much easier to cast, but much less powerful. [a shining eye]
  2248 | D        | Gained mutation: You sometimes yell uncontrollably at your foes. [a shining eye]
  2249 | D        | Reached skill level 12 in Fighting
  2249 | D        | Reached skill level 14 in Shields
  2253 | D        | Gained mutation: Potions cannot restore your health. [a shining eye]
  2261 | D        | Reached skill level 19 in Unarmed Combat
  2264 | D        | Lost mutation: Your body often deteriorates upon taking damage. [potion of mutation]
  2264 | D        | Lost mutation: You have an uncontrollable temper. [potion of mutation]
  2264 | D        | Lost mutation: Your magical capacity is extremely low. (-30% MP) [potion of mutation]
  2264 | D        | Lost mutation: You are very clumsy. (Dex -4) [potion of mutation]
  2284 | D        | Lost mutation: Your spells are much easier to cast, but much less powerful. [potion of mutation]
  2284 | D        | Lost mutation: You are extremely frail. (-30% HP) [potion of mutation]
  2284 | D        | Lost mutation: You are clumsy. (Dex -2) [potion of mutation]
  2284 | D        | Lost mutation: You are very weak. (Str -4) [potion of mutation]
  2284 | D        | Lost mutation: You are very dopey. (Int -4) [potion of mutation]
  2284 | D        | Gained mutation: You are somewhat resistant to further mutation. [potion of mutation]
  2285 | D        | Lost mutation: You often lose your temper in combat. [potion of mutation]
  2285 | D        | Lost mutation: You are very frail. (-20% HP) [potion of mutation]
  2285 | D        | Lost mutation: You are weak. (Str -2) [potion of mutation]
  2285 | D        | Lost mutation: You tend to lose your temper in combat. [potion of mutation]
  2285 | D        | Lost mutation: You sometimes yell uncontrollably at your foes. [potion of mutation]
  2286 | D        | Lost mutation: Your body sometimes deteriorates upon taking damage. [potion of mutation]
  2286 | D        | Lost mutation: Potions cannot restore your health. [potion of mutation]
  2286 | D        | Lost mutation: You expend magic power (3 MP) to strengthen your wands. [potion of mutation]
  2286 | D        | Lost mutation: You are frail. (-10% HP) [potion of mutation]
  2286 | D        | Lost mutation: You are dopey. (Int -2) [potion of mutation]
  2286 | D        | Lost mutation: Your magical capacity is very low. (-20% MP) [potion of mutation]
  2287 | D        | Lost mutation: Armour fits poorly on your strangely shaped body. [potion of mutation]
  2287 | D        | Lost mutation: You occasionally shout uncontrollably at your foes. [potion of mutation]
  2287 | D        | Lost mutation: You are somewhat resistant to further mutation. [potion of mutation]
  2287 | D        | Lost mutation: You are partially covered in thin metallic scales. (AC +2) [potion of mutation]
  2287 | D        | Gained mutation: You have large cloven feet. [potion of mutation]
  2288 | D        | Lost mutation: Your magical capacity is low. (-10% MP) [potion of mutation]
  2288 | D        | Lost mutation: Your spells are easier to cast, but less powerful. [potion of mutation]
  2288 | D        | Lost mutation: You have large cloven feet. [potion of mutation]
  2288 | D        | Lost mutation: Scrolls take you much longer to read. [potion of mutation]
  2288 | D        | Gained mutation: You are frail. (-10% HP) [potion of mutation]
  2288 | D        | Gained mutation: You have a pair of small antennae on your head. [potion of mutation]
  2289 | D        | Lost mutation: You are frail. (-10% HP) [potion of mutation]
  2289 | D        | Lost mutation: Your spells are a little easier to cast, but a little less powerful. [potion of mutation]
  2289 | D        | Gained mutation: You have large cloven feet. [potion of mutation]
  2289 | D        | Lost mutation: You have large cloven feet. [potion of mutation]
  2289 | D        | Gained mutation: You are partially covered in iridescent scales. (AC +2) [potion of mutation]
  2290 | D        | Lost mutation: Scrolls take you longer to read. [potion of mutation]
  2290 | D        | Lost mutation: You have a pair of small antennae on your head. [potion of mutation]
  2290 | D        | Lost mutation: Scrolls take you a little longer to read. [potion of mutation]
  2290 | D        | Lost mutation: Potions are poor at restoring your health. [potion of mutation]
  2290 | D        | Gained mutation: Your skin changes colour to match your surroundings (Stealth+). [potion of mutation]
  2290 | D        | Gained mutation: You evolve. [potion of mutation]
  2291 | D        | Lost mutation: Potions are less effective at restoring your health. [potion of mutation]
  2291 | D        | Lost mutation: You are partially covered in iridescent scales. (AC +2) [potion of mutation]
  2291 | D        | Gained mutation: Your body sometimes deteriorates upon taking damage. [potion of mutation]
  2291 | D        | Gained mutation: Your muscles are strong. (Str +2) [potion of mutation]
  2291 | D        | Gained mutation: You have sharp toenails. [potion of mutation]
  2292 | D        | Lost mutation: You have sharp toenails. [potion of mutation]
  2292 | D        | Lost mutation: Your body sometimes deteriorates upon taking damage. [potion of mutation]
  2292 | D        | Lost mutation: Your muscles are strong. (Str +2) [potion of mutation]
  2292 | D        | Lost mutation: You evolve. [potion of mutation]
  2292 | D        | Gained mutation: You occasionally shout uncontrollably at your foes. [potion of mutation]
  2292 | D        | Gained mutation: Scrolls take you a little longer to read. [potion of mutation]
  2292 | D        | Gained mutation: You have a somewhat thin skeletal structure. (Dex +2, Stealth) [potion of mutation]
  2293 | D        | Lost mutation: You occasionally shout uncontrollably at your foes. [potion of mutation]
  2293 | D        | Lost mutation: Scrolls take you a little longer to read. [potion of mutation]
  2293 | D        | Gained mutation: Your muscles are strong. (Str +2) [potion of mutation]
  2293 | D        | Gained mutation: You have a pair of small antennae on your head. [potion of mutation]
  2294 | D        | Lost mutation: Your muscles are strong. (Str +2) [potion of mutation]
  2294 | D        | Lost mutation: You have a pair of small antennae on your head. [potion of mutation]
  2294 | D        | Lost mutation: You have a somewhat thin skeletal structure. (Dex +2, Stealth) [potion of mutation]
  2294 | D        | Gained mutation: You are partially covered in iridescent scales. (AC +2) [potion of mutation]
  2294 | D        | Gained mutation: You passively map a small area around you. [potion of mutation]
  2294 | D        | Gained mutation: Your muscles are strong. (Str +2) [potion of mutation]
  2295 | D        | Lost mutation: You are partially covered in iridescent scales. (AC +2) [potion of mutation]
  2295 | D        | Lost mutation: Your skin changes colour to match your surroundings (Stealth+). [potion of mutation]
  2295 | D        | Lost mutation: Your muscles are strong. (Str +2) [potion of mutation]
  2295 | D        | Lost mutation: You passively map a small area around you. [potion of mutation]
  2295 | D        | Gained mutation: Your spells are a little easier to cast, but a little less powerful. [potion of mutation]
  2295 | D        | Gained mutation: You are dopey. (Int -2) [potion of mutation]
  2295 | D        | Gained mutation: Your muscles are strong. (Str +2) [potion of mutation]
  2296 | D        | Lost mutation: You are dopey. (Int -2) [potion of mutation]
  2296 | D        | Lost mutation: Your muscles are strong. (Str +2) [potion of mutation]
  2296 | D        | Gained mutation: Your mind is acute. (Int +2) [potion of mutation]
  2296 | D        | Gained mutation: You have sharp toenails. [potion of mutation]
  2297 | D        | Lost mutation: Your spells are a little easier to cast, but a little less powerful. [potion of mutation]
  2297 | D        | Lost mutation: Your mind is acute. (Int +2) [potion of mutation]
  2297 | D        | Lost mutation: You have sharp toenails. [potion of mutation]
  2297 | D        | Gained mutation: Your spells are a little easier to cast, but a little less powerful. [potion of mutation]
  2297 | D        | Gained mutation: You have a pair of small horns on your head. [potion of mutation]
  2298 | D        | Lost mutation: Your spells are a little easier to cast, but a little less powerful. [potion of mutation]
  2298 | D        | Lost mutation: You have a pair of small horns on your head. [potion of mutation]
  2298 | D        | Gained mutation: You are partially covered in large bone plates. (SH +4) [potion of mutation]
  2298 | D        | Gained mutation: You heal very quickly. [potion of mutation]
  2298 | D        | Gained mutation: You can translocate small distances at will. [potion of mutation]
  2298 | D        | Gained mutation: You are resistant to hostile enchantments. (MR+) [potion of mutation]
  2299 | D        | Lost mutation: You are resistant to hostile enchantments. (MR+) [potion of mutation]
  2299 | D        | Lost mutation: You can translocate small distances at will. [potion of mutation]
  2299 | D        | Gained mutation: You are somewhat resistant to further mutation. [potion of mutation]
  2300 | D        | Lost mutation: You are somewhat resistant to further mutation. [potion of mutation]
  2300 | D        | Lost mutation: You heal very quickly. [potion of mutation]
  2300 | D        | Gained mutation: You have sharp toenails. [potion of mutation]
  2300 | D        | Gained mutation: Your muscles are strong. (Str +2) [potion of mutation]
  2301 | D        | Lost mutation: You have sharp toenails. [potion of mutation]
  2301 | D        | Lost mutation: Your muscles are strong. (Str +2) [potion of mutation]
  2301 | D        | Gained mutation: You expend magic power (3 MP) to strengthen your wands. [potion of mutation]
  2301 | D        | Gained mutation: You occasionally shout uncontrollably at your foes. [potion of mutation]
  2301 | D        | Gained mutation: You have a somewhat thin skeletal structure. (Dex +2, Stealth) [potion of mutation]
  2302 | D        | Lost mutation: You occasionally shout uncontrollably at your foes. [potion of mutation]
  2302 | D        | Lost mutation: You expend magic power (3 MP) to strengthen your wands. [potion of mutation]
  2302 | D        | Lost mutation: You have a somewhat thin skeletal structure. (Dex +2, Stealth) [potion of mutation]
  2302 | D        | Lost mutation: You are partially covered in large bone plates. (SH +4) [potion of mutation]
  2302 | D        | Gained mutation: Scrolls take you a little longer to read. [potion of mutation]
  2302 | D        | Gained mutation: Your spells are a little easier to cast, but a little less powerful. [potion of mutation]
  2302 | D        | Gained mutation: You possess an exceptional clarity of mind. [potion of mutation]
  2302 | D        | Gained mutation: You are partially covered in iridescent scales. (AC +2) [potion of mutation]
  2303 | D        | Lost mutation: Scrolls take you a little longer to read. [potion of mutation]
  2303 | D        | Lost mutation: You possess an exceptional clarity of mind. [potion of mutation]
  2303 | D        | Gained mutation: Your mind is acute. (Int +2) [potion of mutation]
  2303 | D        | Gained mutation: You passively map a small area around you. [potion of mutation]
  2304 | D        | Lost mutation: Your spells are a little easier to cast, but a little less powerful. [potion of mutation]
  2304 | D        | Lost mutation: Your mind is acute. (Int +2) [potion of mutation]
  2304 | D        | Lost mutation: You passively map a small area around you. [potion of mutation]
  2304 | D        | Gained mutation: You can translocate small distances at will. [potion of mutation]
  2304 | D        | Gained mutation: Your mind is acute. (Int +2) [potion of mutation]
  2305 | D        | Lost mutation: You can translocate small distances at will. [potion of mutation]
  2305 | D        | Lost mutation: Your mind is acute. (Int +2) [potion of mutation]
  2305 | D        | Lost mutation: You are partially covered in iridescent scales. (AC +2) [potion of mutation]
  2305 | D        | Gained mutation: Your flesh is cold resistant. (rC+) [potion of mutation]
  2305 | D        | Gained mutation: You are agile. (Dex +2) [potion of mutation]
  2306 | D        | Lost mutation: You are agile. (Dex +2) [potion of mutation]
  2306 | D        | Lost mutation: Your flesh is cold resistant. (rC+) [potion of mutation]
  2306 | D        | Gained mutation: You are frail. (-10% HP) [potion of mutation]
  2306 | D        | Gained mutation: You are very frail. (-20% HP) [potion of mutation]
  2306 | D        | Gained mutation: You are agile. (Dex +2) [potion of mutation]
  2307 | D        | Lost mutation: You are agile. (Dex +2) [potion of mutation]
  2307 | D        | Gained mutation: You evolve. [potion of mutation]
  2307 | D        | Gained mutation: Your spells are a little harder to cast, but a little more powerful. [potion of mutation]
  2307 | D        | Gained mutation: You have a pair of small horns on your head. [potion of mutation]
  2308 | D        | Lost mutation: You have a pair of small horns on your head. [potion of mutation]
  2308 | D        | Lost mutation: You evolve. [potion of mutation]
  2308 | D        | Lost mutation: You are very frail. (-20% HP) [potion of mutation]
  2308 | D        | Gained mutation: Your mind is acute. (Int +2) [potion of mutation]
  2308 | D        | Gained mutation: You have a pair of small antennae on your head. [potion of mutation]
  2309 | D        | Lost mutation: You are frail. (-10% HP) [potion of mutation]
  2309 | D        | Lost mutation: Your mind is acute. (Int +2) [potion of mutation]
  2309 | D        | Lost mutation: You have a pair of small antennae on your head. [potion of mutation]
  2309 | D        | Lost mutation: Your spells are a little harder to cast, but a little more powerful. [potion of mutation]
  2309 | D        | Gained mutation: You are partially covered in yellow scales. (AC +2) [potion of mutation]
  2309 | D        | Gained mutation: Your movements are slightly less encumbered by armour. (ER -2) [potion of mutation]
  2309 | D        | Gained mutation: Your mind is acute. (Int +2) [potion of mutation]
  2310 | D        | Lost mutation: Your movements are slightly less encumbered by armour. (ER -2) [potion of mutation]
  2310 | D        | Lost mutation: Your mind is acute. (Int +2) [potion of mutation]
  2310 | D        | Gained mutation: You have sharp toenails. [potion of mutation]
  2335 | D        | Got a dazzling halberd
  2376 | D        | Noticed a quicksilver dragon
  2387 | D        | Killed a quicksilver dragon
  2387 | D        | Reached skill level 8 in Throwing
  2394 | D        | Noticed a quicksilver dragon
  2400 | D        | Killed a lorocyproca
  2400 | D        | Received a gift from Trog
  2400 | D        | Reached XP level 13. HP: 71/141 MP: 1/12
  2401 | D        | HP: 38/211 [something (33)]
  2402 | D        | Killed a lorocyproca
  2402 | D        | Received a gift from Trog
  2408 | D        | Killed a quicksilver dragon
  2408 | D        | Reached skill level 9 in Throwing
  2439 | D        | HP: 33/141 [something (13)]
  2446 | D        | HP: 21/141 [something (5)]
  2451 | D        | Killed a lorocyproca
  2454 | D        | Got a slimy longbow {god gift}
  2640 | D        | Noticed a quicksilver dragon
  2676 | D        | Killed a quicksilver dragon
  2909 | D        | Noticed Murray
  2922 | D        | Killed Murray
  2922 | D        | Reached skill level 13 in Fighting
  2922 | D        | Reached skill level 13 in Dodging
  3014 | D        | Got the Orb of Zot
  3049 | D        | Noticed an Orb Guardian
  3054 | D        | Killed an Orb Guardian
  3062 | D        | Noticed an Orb Guardian
  3069 | D        | Killed an Orb Guardian
  3069 | D        | Reached skill level 10 in Throwing
  3069 | D        | Reached skill level 15 in Shields
  3087 | D        | Noticed Cuodij the pandemonium lord
  3090 | D        | HP: 30/144 [Cuodij the pandemonium lord/living lightning (16)]
  3093 | D        | HP: 5/144 [Cuodij the pandemonium lord/poison arrow (26)]
  3098 | D        | HP: 2/144 [Cuodij the pandemonium lord/living lightning (3)]
  3100 | D        | Noticed a lich
  3106 | D        | Lost intelligence.
  3106 | D        | Demolished by Cuodij the pandemonium lord

Vault maps used:
D:        the_violet_keep_of_menkaure

Skill      XL: |  1  2  3  4  5  6  7  8  9 10 11 12 13 |
---------------+----------------------------------------+-----
Fighting       | 5 6 7 9 11 12 13 | 13.3
Dodging        | 5 6 8 9 11 12 13 | 13.3
Unarmed Combat | 6 8 9 10 12 14 16 18 19 | 19.8
Shields        | 4 8 11 13 14 15 | 15.0
Throwing       | 4 8 10 | 10.1

Action                   |  1- 3 |  4- 6 |  7- 9 | 10-12 | 13-15 || total
-------------------------+-------+-------+-------+-------+-------++-------
Melee: Unarmed           |     4 |    14 |    84 |   238 |    43 ||   383
       Punch             |       |     1 |     2 |       |       ||     3
       Kick              |       |       |       |     9 |    20 ||    29
Throw: Large rock        |       |       |       |     2 |       ||     2
Invok: Berserk           |     1 |     1 |     4 |     4 |     1 ||    11
       Brothers in Arms  |       |       |     1 |     1 |     2 ||     4
Evoke: Phantom mirror    |       |       |       |     1 |       ||     1
  Use: Scroll            |       |       |    12 |       |     1 ||    13
       Potion            |       |       |     1 |    34 |     5 ||    40
  Eat: Chunk             |       |     4 |    11 |    20 |       ||    35
       Fruit             |       |       |       |       |     3 ||     3
       Royal jelly       |       |       |       |       |     2 ||     2
       Bread ration      |       |       |       |       |     1 ||     1
Armor: Animal skin       |     1 |     1 |    14 |    31 |     2 ||    49
Dodge: Dodged            |     3 |     5 |    25 |    29 |     8 ||    70
Block: Large shield      |       |       |    37 |   143 |     8 ||   188
       Reflection        |       |       |     1 |     1 |       ||     2

Vault maps used:
D:        the_violet_keep_of_menkaure

Table legend:
 A = Turns spent in this place as a percentage of turns spent in the entire game.
 B = Non-inter-level travel turns spent in this place as a percentage of non-inter-level travel turns spent in the entire game.
 C = Inter-level travel turns spent in this place as a percentage of turns spent in this place.
 D = Turns resting spent in this place as a percentage of non-inter-level travel turns spent in this place.
 E = Turns spent auto-exploring this place as a percentage of non-inter-level travel turns spent in this place.
 F = Non-inter-level travel turns spent in this place divided by the number of levels of this place that you've seen.
                   A       B       C       D       E      F
               +-------+-------+-------+-------+-------+----------------------
         Total | 100.0 | 100.0 |   0.5 |   5.5 |   0.0 | 1812.0
       Dungeon | 100.0 | 100.0 |   0.5 |   5.5 |   0.0 | 1812.0
               +-------+-------+-------+-------+-------+----------------------

Table legend:
 A = Kills in this place as a percentage of kills in entire the game.
 B = Kills by you in this place as a percentage of kills by you in the entire game.
 C = Kills by friends in this place as a percentage of kills by friends in the entire game.
 D = Other kills in this place as a percentage of other kills in the entire game.
 E = Experience gained in this place as a percentage of experience gained in the entire game.
 F = Experience gained in this place divided by the number of levels of this place that you have seen.
                   A       B       C       D       E      F
               +-------+-------+-------+-------+-------+----------------------
         Total | 100.0 | 100.0 | 100.0 |  -nan | 100.0 | 50659.0
       Dungeon | 100.0 | 100.0 | 100.0 |  -nan | 100.0 | 50659.0
               +-------+-------+-------+-------+-------+----------------------
